PIO (24 & UNDER)
SALEM SLEDGEHAMMERS @ COLORADO COMMANDERS
05/17/2023
 
TOP OF THE 1ST
Salem Sledgehammers batting - Pitching for Colorado Commanders : RHP Bill Morris
Pitching: RHP Bill Morris
Batting: RHB William Richardson 0-0: Called Strike
0-1: Ball
1-1: Ball
2-1: Ball
3-1: Base on Balls
Batting: RHB Brandon Pope 0-0: Called Strike
0-1: Foul Ball, location: 2F
0-2: Foul Ball, location: 2F
0-2: Strikes out swinging
Batting: SHB Lee Townsend 0-0: Ball
William Richardson steals 2nd base
1-0: Called Strike
William Richardson is caught stealing 3rd base
1-1: Fly out, F5 (Popup, 5D)
Top of the 1st over - 0 run(s), 0 hit(s), 0 error(s), 0 left on base; Salem 0 - Colorado 0
BOTTOM OF THE 1ST
Colorado Commanders batting - Pitching for Salem Sledgehammers : LHP Carlos Castillo
Pitching: LHP Carlos Castillo
Batting: SHB George Adams 0-0: Foul Ball, location: 2F
0-1: Ball
1-1: Swinging Strike
1-2: Ball
2-2: Strikes out swinging
Batting: RHB Earnest Turner 0-0: Ball
1-0: Ball
2-0: Called Strike
2-1: Foul Ball, location: 2F
2-2: Strikes out looking
Batting: LHB Rafael Delgado 0-0: DOUBLE (Groundball, 5L)
Batting: RHB Emílio Bruno 0-0: Foul Ball, location: 2F
0-1: Ball
1-1: Ball
2-1: Called Strike
2-2: Strikes out swinging
Bottom of the 1st over - 0 run(s), 1 hit(s), 0 error(s), 1 left on base; Salem 0 - Colorado 0
TOP OF THE 2ND
Salem Sledgehammers batting - Pitching for Colorado Commanders : RHP Bill Morris
Batting: RHB Earnest Finnegan 0-0: Ball
1-0: Foul Ball, location: 2F
1-1: Ball
2-1: Foul Ball, location: 2F
2-2: Fly out, F8 (Flyball, 8RD)
Batting: SHB Pepe Piña 0-0: Ball
1-0: Ball
2-0: Ball
3-0: Base on Balls
Batting: SHB Júlio Salazar 0-0: Ball
1-0: Called Strike
1-1: Ball
2-1: Ball
3-1: Foul Ball, location: 2F
3-2: Strikes out looking
Batting: LHB Brent Alonzo 0-0: Called Strike
0-1: Ball
1-1: Ball
2-1: Foul Ball, location: 2F
2-2: Strikes out swinging
Top of the 2nd over - 0 run(s), 0 hit(s), 0 error(s), 1 left on base; Salem 0 - Colorado 0
BOTTOM OF THE 2ND
Colorado Commanders batting - Pitching for Salem Sledgehammers : LHP Carlos Castillo
Batting: RHB Xavier De La Cruz 0-0: Ground out 5-3 (Groundball, 5S)
Batting: LHB John Nicholson 0-0: Swinging Strike
0-1: Swinging Strike
0-2: Strikes out swinging
Batting: RHB Emiel van Rhee 0-0: Ball
1-0: Foul Ball, location: 2F
1-1: Ball
2-1: Called Strike
2-2: Foul Ball, location: 2F
2-2: Ball
3-2: Foul Ball, location: 2F
3-2: Foul Ball, location: 2F
3-2: Strikes out swinging
Bottom of the 2nd over - 0 run(s), 0 hit(s), 0 error(s), 0 left on base; Salem 0 - Colorado 0
TOP OF THE 3RD
Salem Sledgehammers batting - Pitching for Colorado Commanders : RHP Bill Morris
Batting: RHB Fernando Pérez 0-0: Swinging Strike
0-1: Ball
1-1: SINGLE (Flyball, 9LS)
Batting: RHB Ryan Cates 0-0: Ball
1-0: Ball
2-0: Ball
3-0: Called Strike
3-1: Foul Ball, location: 2F
3-2: Base on Balls
Fernando Pérez to second
Batting: RHB William Richardson 0-0: Ball
1-0: Fly out, F8 (Flyball, 78XD)
Runner from 2nd tags up, SAFE at 3rd, no throw
Batting: RHB Brandon Pope 0-0: Called Strike
0-1: Ball
1-1: Swinging Strike
1-2: Hit by Pitch
Ryan Cates to second
Batting: SHB Lee Townsend 0-0: Foul Ball, location: 2F
0-1: Ball
1-1: Ball
2-1: Ball
3-1: Swinging Strike
3-2: Strikes out swinging
Batting: RHB Earnest Finnegan 0-0: Ball
1-0: Ball
2-0: GRAND SLAM HOME RUN (Flyball, 7D), Distance : 359 ft
Batting: SHB Pepe Piña 0-0: Called Strike
0-1: Swinging Strike
0-2: Ball
1-2: Strikes out swinging
Top of the 3rd over - 4 run(s), 2 hit(s), 0 error(s), 0 left on base; Salem 4 - Colorado 0
BOTTOM OF THE 3RD
Colorado Commanders batting - Pitching for Salem Sledgehammers : LHP Carlos Castillo
Batting: SHB Scott Compton 0-0: Ball
1-0: Ball
2-0: Swinging Strike
2-1: Foul Ball, location: 2F
2-2: Ball
3-2: Foul Ball, location: 2F
3-2: Strikes out swinging
Batting: RHB Joe Haley 0-0: Called Strike
0-1: Ball
1-1: Foul Ball, location: 2F
1-2: Ball
2-2: Fly out, F7 (Flyball, 7LMF)
Batting: SHB George Adams 0-0: Called Strike
0-1: Ball
1-1: Foul Ball, location: 2F
1-2: Foul Ball, location: 2F
1-2: Foul Ball, location: 2F
1-2: Foul Ball, location: 2F
1-2: Foul Ball, location: 2F
1-2: Foul Ball, location: 2F
1-2: Strikes out swinging
Bottom of the 3rd over - 0 run(s), 0 hit(s), 0 error(s), 0 left on base; Salem 4 - Colorado 0
TOP OF THE 4TH
Salem Sledgehammers batting - Pitching for Colorado Commanders : RHP Bill Morris
Batting: SHB Júlio Salazar 0-0: Called Strike
0-1: SINGLE (Flyball, 8RS)
Batting: LHB Brent Alonzo 0-0: Grounds into double play, 4-6-3 (Groundball, 4)
Batting: RHB Fernando Pérez 0-0: Ball
1-0: Ground out 5-3 (Groundball, 5S)
Top of the 4th over - 0 run(s), 1 hit(s), 0 error(s), 0 left on base; Salem 4 - Colorado 0
BOTTOM OF THE 4TH
Colorado Commanders batting - Pitching for Salem Sledgehammers : LHP Carlos Castillo
Batting: RHB Earnest Turner 0-0: Called Strike
0-1: Ball
1-1: Ground out 4-3 (Groundball, 4M)
Batting: LHB Rafael Delgado 0-0: Foul Ball, location: 2F
0-1: Swinging Strike
0-2: Ball
1-2: Ball
2-2: Strikes out swinging
Batting: RHB Emílio Bruno 0-0: Ground out U3 (Groundball, 3S)
Bottom of the 4th over - 0 run(s), 0 hit(s), 0 error(s), 0 left on base; Salem 4 - Colorado 0
TOP OF THE 5TH
Salem Sledgehammers batting - Pitching for Colorado Commanders : RHP Bill Morris
Batting: RHB Ryan Cates 0-0: Ground out 6-3 (Groundball, 6)
Batting: RHB William Richardson 0-0: Fly out, F3 (Popup, 3F)
Batting: RHB Brandon Pope 0-0: Ball
1-0: Foul Ball, location: 2F
1-1: Fly out, F9 (Flyball, 9D)
Top of the 5th over - 0 run(s), 0 hit(s), 0 error(s), 0 left on base; Salem 4 - Colorado 0
BOTTOM OF THE 5TH
Colorado Commanders batting - Pitching for Salem Sledgehammers : LHP Carlos Castillo
Batting: RHB Xavier De La Cruz 0-0: Ball
1-0: Ball
2-0: Foul Ball, location: 2F
2-1: Fly out, F4 (Popup, 4MD)
Batting: LHB John Nicholson 0-0: Ball
1-0: DOUBLE (Flyball, 8LM)
Batting: RHB Emiel van Rhee 0-0: Swinging Strike
0-1: Foul Ball, location: 2F
0-2: Ball
1-2: Strikes out looking
Batting: SHB Scott Compton 0-0: Ball
1-0: Called Strike
1-1: Ball
2-1: Swinging Strike
2-2: Foul Ball, location: 2F
2-2: Ball
3-2: Strikes out swinging
Bottom of the 5th over - 0 run(s), 1 hit(s), 0 error(s), 1 left on base; Salem 4 - Colorado 0
TOP OF THE 6TH
Salem Sledgehammers batting - Pitching for Colorado Commanders : RHP Bill Morris
Batting: SHB Lee Townsend 0-0: Ball
1-0: Ball
2-0: Ball
3-0: Base on Balls
Batting: RHB Earnest Finnegan 0-0: Foul Ball, location: 2F
0-1: Ball
1-1: Ball
2-1: Ball
3-1: Called Strike
3-2: Base on Balls
Lee Townsend to second
Batting: SHB Pepe Piña 0-0: Ball
1-0: Called Strike
1-1: Called Strike
1-2: Hit by Pitch
Lee Townsend to third
Earnest Finnegan to second
Pitching: RHP Tony Henderson
Batting: SHB Júlio Salazar 0-0: Grounds into double play, 4-6-3 (Groundball, 4)
Lee Townsend scores
Earnest Finnegan to third
Batting: LHB Brent Alonzo 0-0: Swinging Strike
0-1: Fly out, F4 (Line Drive, 4)
Top of the 6th over - 1 run(s), 0 hit(s), 0 error(s), 1 left on base; Salem 5 - Colorado 0
BOTTOM OF THE 6TH
Colorado Commanders batting - Pitching for Salem Sledgehammers : LHP Carlos Castillo
Batting: RHB Joe Haley 0-0: Swinging Strike
0-1: Foul Ball, location: 2F
0-2: Strikes out swinging
Batting: SHB George Adams 0-0: Called Strike
0-1: SINGLE (Groundball, 4MD)
Batting: RHB Earnest Turner 0-0: Called Strike
0-1: Ball
1-1: Foul Ball, location: 2F
1-2: Strikes out swinging
Pitching: RHP Jeff Hansen
Batting: LHB Rafael Delgado 0-0: Ball
1-0: Ball
2-0: Foul Ball, location: 2F
2-1: Ball
3-1: Swinging Strike
3-2: Strikes out swinging
Bottom of the 6th over - 0 run(s), 1 hit(s), 0 error(s), 1 left on base; Salem 5 - Colorado 0
TOP OF THE 7TH
Salem Sledgehammers batting - Pitching for Colorado Commanders : RHP Tony Henderson
Batting: RHB Fernando Pérez 0-0: Ball
1-0: Ball
2-0: Ground out 4-3 (Groundball, 4M)
Batting: RHB Ryan Cates 0-0: Ball
1-0: Ball
2-0: Called Strike
2-1: Foul Ball, location: 2F
2-2: Ball
3-2: Fly out, F8 (Flyball, 8LM)
Batting: RHB William Richardson 0-0: Ball
1-0: Ball
2-0: Ball
3-0: Base on Balls
Batting: RHB Brandon Pope 0-0: Ball
1-0: Hit by Pitch
William Richardson to second
Batting: SHB Lee Townsend 0-0: Ball
1-0: Ball
2-0: Called Strike
2-1: Called Strike
2-2: Ball
3-2: Base on Balls
William Richardson to third
Brandon Pope to second
Batting: RHB Earnest Finnegan 0-0: Ball
1-0: DOUBLE (Flyball, 89D)
William Richardson scores
Brandon Pope scores
Lee Townsend to third
Runner from 3rd tries for Home, SAFE, no throw or cutoff
Pitching: RHP Bill Davis
Batting: SHB Pepe Piña 0-0: Ball
1-0: Fly out, F6 (Popup, 6M)
Top of the 7th over - 3 run(s), 1 hit(s), 0 error(s), 1 left on base; Salem 8 - Colorado 0
BOTTOM OF THE 7TH
Colorado Commanders batting - Pitching for Salem Sledgehammers : RHP Jeff Hansen
Batting: RHB Emílio Bruno 0-0: Swinging Strike
0-1: Ball
1-1: Foul Ball, location: 2F
1-2: Fly out, F7 (Flyball, 78S)
Batting: RHB Xavier De La Cruz 0-0: Ball
1-0: Foul Ball, location: 2F
1-1: Fly out, F8 (Flyball, 8LM)
Batting: LHB John Nicholson 0-0: Ball
1-0: Ball
2-0: Called Strike
2-1: Swinging Strike
2-2: Ball
3-2: Strikes out looking
Bottom of the 7th over - 0 run(s), 0 hit(s), 0 error(s), 0 left on base; Salem 8 - Colorado 0
TOP OF THE 8TH
Salem Sledgehammers batting - Pitching for Colorado Commanders : RHP Bill Davis
Batting: SHB Júlio Salazar 0-0: Fly out, F6 (Popup, 6D)
Batting: LHB Brent Alonzo 0-0: Foul Ball, location: 2F
0-1: Ball
1-1: Ball
2-1: Fly out, F8 (Flyball, 8LD)
Batting: RHB Fernando Pérez 0-0: Called Strike
0-1: Called Strike
0-2: Ball
1-2: Strikes out swinging
Top of the 8th over - 0 run(s), 0 hit(s), 0 error(s), 0 left on base; Salem 8 - Colorado 0
BOTTOM OF THE 8TH
Colorado Commanders batting - Pitching for Salem Sledgehammers : RHP Jeff Hansen
Batting: RHB Emiel van Rhee 0-0: Ball
1-0: SINGLE (Groundball, 34D)
Batting: SHB Scott Compton 0-0: Foul Ball, location: 2F
0-1: Ball
1-1: Swinging Strike
1-2: Ground out 4-3 (Groundball, 4M)
Emiel van Rhee to second
Batting: RHB Joe Haley 0-0: SINGLE (Line Drive, 8LM)
Emiel van Rhee to third
Runner from 3rd tries for Home, SAFE, no throw or cutoff
Batting: SHB George Adams 0-0: Ball
1-0: Foul Ball, location: 2F
1-1: Ball
2-1: Ball
3-1: 2-RUN HOME RUN (Flyball, 9LD), Distance : 347 ft
Pitching: RHP Omar Camacho
Batting: RHB Earnest Turner 0-0: Ball
1-0: Ball
2-0: Ball
3-0: Called Strike
3-1: Base on Balls
Batting: LHB Rafael Delgado 0-0: Fielders Choice at 2nd, 4-6 (Groundball, 34)
Batting: RHB Emílio Bruno 0-0: Ball
1-0: Ball
2-0: Fielders Choice at 2nd, U6 (Groundball, 6M)
Bottom of the 8th over - 3 run(s), 3 hit(s), 0 error(s), 1 left on base; Salem 8 - Colorado 3
TOP OF THE 9TH
Salem Sledgehammers batting - Pitching for Colorado Commanders : RHP Bill Davis
Batting: RHB Ryan Cates 0-0: Ball
1-0: Called Strike
1-1: Foul Ball, location: 2F
1-2: SOLO HOME RUN (Flyball, 7D), Distance : 347 ft
Batting: RHB William Richardson 0-0: Called Strike
0-1: Swinging Strike
0-2: Ball
1-2: Strikes out swinging
Batting: RHB Brandon Pope 0-0: Ball
1-0: Called Strike
1-1: Ground out 5-3 (Groundball, 56S)
Batting: SHB Lee Townsend 0-0: Ball
1-0: Called Strike
1-1: Ball
2-1: Swinging Strike
2-2: Strikes out looking
Top of the 9th over - 1 run(s), 1 hit(s), 0 error(s), 0 left on base; Salem 9 - Colorado 3
BOTTOM OF THE 9TH
Colorado Commanders batting - Pitching for Salem Sledgehammers : RHP Omar Camacho
Now at 1B: Dale Reeves
Batting: RHB Xavier De La Cruz 0-0: Ball
1-0: Fly out, F8 (Flyball, 8RM)
Batting: LHB John Nicholson 0-0: Foul Ball, location: 2F
0-1: Ball
1-1: Ball
2-1: Ball
3-1: Swinging Strike
3-2: Fly out, F7 (Flyball, 7M)
Batting: RHB Emiel van Rhee 0-0: Swinging Strike
0-1: Foul Ball, location: 2F
0-2: Ball
1-2: Strikes out swinging
Bottom of the 9th over - 0 run(s), 0 hit(s), 0 error(s), 0 left on base; Salem 9 - Colorado 3
This league is powered by Out of the Park Baseball, the baseball management simulation game for PC, Mac and Linux
Wednesday, December 2nd, 2015 - OOTP Baseball 16.8 Build 38